 Dungeon Crawl Stone Soup version 0.19.1-1-g22dce08 (webtiles) character file.

478 Gargoyl the Skirmisher (level 7, -1/60 HPs)
             Began as a Ghoul Abyssal Knight on Jan 20, 2017.
             Was a Believer of Lugonu.
             Slain by davido123's ghost (2 damage)
             ... on level 3 of the Dungeon on Jan 21, 2017.
             The game lasted 00:08:55 (2860 turns).

Gargoyl the Skirmisher (Ghoul Abyssal Knight)       Turns: 2860, Time: 00:08:55

Health: -1/60      AC:  9    Str: 17 (19) XL:     7   Next: 11%
Magic:  8/8        EV: 16    Int:  4 (7)  God:    Lugonu [**....]
Gold:   206        SH:  0    Dex: 13 (15) Spells: 0 memorised, 6 levels left

rFire  . . .     SeeInvis .     l - +2 war axe (venom)
rCold  + + .     Gourm    .     e - +0 ring mail
rNeg   + + +     Faith    .     (no shield)
rPois  ∞         Spirit   .     m - +2 hat
rElec  .         Reflect  .     (no cloak)
rCorr  .         Harm     .     (no gloves)
MR     .....                    n - +0 pair of boots
Stlth  ++........               (no amulet)
                                p - ring of protection from cold
                                d - +3 ring of strength

@: agile, flying, rotting
A: rotting body, claws 1, carnivore 3, cold resistance 1, negative energy
resistance 3, slow regeneration 1, torment resistance, unbreathing
a: Depart the Abyss, Bend Space, Renounce Religion


You were on level 3 of the Dungeon.
You worshipped Lugonu.
Lugonu was pleased with you.
You were not hungry.

You visited 1 branch of the dungeon, and saw 4 of its levels.
You visited the Abyss 1 time.

You collected 206 gold pieces.

Inventory:

Hand Weapons
 a - a +1 hand axe
 l - a +2 war axe of venom (weapon)
 o - the +3 trident "Ostrupp" {pierce, rElec rC+}
   (You found it on level 4 of the Dungeon)

   It inflicts extra damage upon your enemies.
   It protects you from cold.
   It insulates you from electricity.
Armour
 e - a +0 ring mail (worn)
 m - a +2 hat (worn)
 n - a +0 pair of boots (worn)
Jewellery
 d - a +3 ring of strength (left claw)
 p - a ring of protection from cold (right claw)
Wands
 h - a wand of flame (48/48)
Comestibles
 c - a meat ration
 f - 3 chunks of flesh
 j - a royal jelly


   Skills:
 + Level 4.8 Fighting
 + Level 3.7 Axes
 + Level 0.3(2.3) Polearms
 * Level 3.7 Armour
 + Level 1.8 Dodging
 * Level 3.8 Invocations
 + Level 0.1 Evocations


You had 6 spell levels left.
You didn't know any spells.

Dungeon Overview and Level Annotations

Branches:
Dungeon (4/15)
 Temple: D:4-7

Altars:
Dithmenos
Sif Muna

Annotations:
D:2 Sigmund
D:3 davido123's ghost, amateur HOFi


Innate Abilities, Weirdness & Mutations

Your body is rotting away.
You thrive on raw meat.
You are immune to poison.
You have sharp fingernails.
You are carnivorous and can eat meat at any time.
Your flesh is cold resistant. (rC+)
You are immune to negative energy. (rN+++)
You regenerate slowly when monsters are visible.
You are immune to unholy pain and torment.
You can survive without breathing.


Message History

It was a potion of degeneration.
There was something very wrong with that liquid.
You feel weakened.
You feel dopey.
You feel clumsy.
Davido123's ghost hits you but does no damage.
It was a potion of flight.
You feel very buoyant.
You fly up into the air.
Davido123's ghost hits you.
* * * LOW HITPOINT WARNING * * *
It was a potion of agility.
You feel agile all of a sudden. Davido123's ghost barely misses you.
It was a potion of berserk rage.
You cannot raise a blood rage in your lifeless body.
Davido123's ghost barely misses you.
You closely miss davido123's ghost.
Davido123's ghost is almost destroyed.
Davido123's ghost hits you!
* * * LOW HITPOINT WARNING * * *
Davido123's ghost hits you.
You die...

#.#.........# #######.......#
..............# ..............#
.......#'###### ########.#
#.#..#.#
###.#..#.########################
................@W...............
###.#.##.############.........###
###+#....# #.........#
......##### #.........#
#.....'...# #.........#
......###.# #.........#
##....###.###########.........#
....................'.........#
#####################.........#


You could see davido123's ghost.

Vanquished Creatures
  Menkaure (D:4)
  Blork the orc (D:4)
  A bullfrog zombie (D:3)
  2 crimson imps
  An orc wizard (D:3)
  Ijyb (D:3)
  An iguana (D:4)
  3 adders
  An ooze (D:2)
  A worm (D:2)
  A dart slug (D:1)
  A leopard gecko (D:3)
  9 orcs
  11 bats
  4 giant cockroaches (D:1)
  11 hobgoblins
  2 jackals (D:3)
  A quokka (D:3)
  2 frilled lizards
  2 goblins
  7 kobolds
  3 rats
67 creatures vanquished.

Notes
Turn   | Place    | Note
-------+----------+-------------------------------------------
     0 | Abyss:1  | Gargoyl the Ghoul Abyssal Knight began the quest for the Orb.
     0 | Abyss:1  | Reached XP level 1. HP: 19/19 MP: 1/1
   105 | Abyss:1  | Noticed a green very ugly thing
   107 | Abyss:1  | Noticed an orange demon
   109 | Abyss:1  | Noticed a large abomination
   114 | D:1      | Escaped the Abyss
   229 | D:1      | Reached XP level 2. HP: 26/27 MP: 2/2
   246 | D:1      | Reached * piety under Lugonu
   649 | D:1      | Reached skill level 4 in Fighting
   706 | D:1      | Reached skill level 1 in Dodging
   746 | D:1      | Reached XP level 3. HP: 33/33 MP: 3/3
  1065 | D:2      | Found a shadowy altar of Dithmenos.
  1169 | D:2      | Noticed Sigmund
  1466 | D:3      | Reached XP level 4. HP: 40/40 MP: 4/4
  1530 | D:3      | Noticed davido123's ghost (amateur HOFi)
  1583 | D:4      | Reached XP level 5. HP: 12/46 MP: 4/6
  1883 | D:4      | Noticed Menkaure
  1893 | D:4      | Killed Menkaure
  1893 | D:4      | Reached XP level 6. HP: 33/53 MP: 7/7
  2036 | D:4      | Reached ** piety under Lugonu
  2100 | D:4      | Got an encrusted trident
  2101 | D:4      | Identified the cursed +3 trident "Ostrupp" {pierce, rElec rC+} (You found it on level 4 of the Dungeon)
  2115 | D:4      | Noticed Blork the orc
  2124 | D:4      | Killed Blork the orc
  2163 | D:3      | Noticed Ijyb
  2175 | D:3      | Killed Ijyb
  2310 | D:3      | Found a deep blue altar of Sif Muna.
  2405 | D:3      | Reached XP level 7. HP: 56/60 MP: 8/8
  2860 | D:3      | HP: 1/60 [davido123's ghost (9)]
  2860 | D:3      | Slain by davido123's ghost

Skill      XL: |  1  2  3  4  5 |
---------------+----------------+-----
Armour         | 2 3 |  3.7
Fighting       | 4 |  4.8
Dodging        | 1 |  1.8
Axes           | 2 3 |  3.7
Invocations    | 3 |  3.8
Polearms       | |  0.3
Evocations     | |  0.1

Action                   |  1- 3 |  4- 6 |  7- 9 || total
-------------------------+-------+-------+-------++-------
Melee: Hand axe          |   118 |    96 |       ||   214
       War axe           |       |    29 |    36 ||    65
       Trident           |       |     7 |       ||     7
Invok: Depart the Abyss  |     1 |       |       ||     1
Evoke: Wand              |       |     1 |       ||     1
  Use: Scroll            |     9 |     4 |       ||    13
       Potion            |       |     1 |     5 ||     6
  Eat: Chunk             |    23 |    13 |     5 ||    41
Armor: Leather armour    |    40 |       |       ||    40
       Ring mail         |    22 |    59 |    14 ||    95
Dodge: Dodged            |   100 |    80 |    18 ||   198
